 Dungeon Crawl Stone Soup version 0.30-a0-760-g5a9884bb7c (webtiles) character file.

Game seed: 7596713954026069757

49 Conn the Firebug (level 3, -3/21 HPs)
             Began as an Octopode Fire Elementalist on Feb 11, 2023.
             Slain by a gnoll
             ... wielding a +0 club
              (6 damage)
             ... on level 1 of the Dungeon.
             The game lasted 00:03:55 (1212 turns).

Conn the Firebug (Octopode Fire Elementalist)       Turns: 1212, Time: 00:03:55

Health: -3/21      AC:  1    Str:  7    XL:     3   Next: 77%
Magic:  1/6        EV: 13    Int: 19    God:
Gold:   74         SH:  0    Dex: 12    Spells: 5/6 levels left

rFire   . . .      SeeInvis .    f - +0 dagger
rCold   . . .      Faith    .    (no shield)
rNeg    . . .      Spirit   .    (helmet restricted)
rPois   .          Reflect  .    (no amulet)
rElec   .          Harm     .    (no ring)
rCorr   .          Rampage  .    (no ring)
Will    .....                    (no ring)
Stlth   +++                      (no ring)
HPRegen 0.23/turn                (no ring)
MPRegen 0.10/turn                (no ring)
                                 (no ring)
                                 (no ring)

@: no status effects
A: almost no armour, amphibious, 8 rings, camouflage 1, gelatinous body 1,
(nimble swimmer 1), tentacles
a: no special abilities


You were on level 1 of the Dungeon.
You visited 1 branch of the dungeon, and saw 2 of its levels.

You collected 74 gold pieces.

Inventory:

Hand Weapons
 f - a +0 dagger (weapon)
Missiles
 d - 4 poisoned darts (quivered)
Scrolls
 b - a scroll of identify
 h - a scroll of immolation
Potions
 c - 2 potions of might {unknown}
 e - a potion of berserk rage {unknown}
 g - a potion of brilliance {unknown}


   Skills:
 + Level 1.4 Short Blades
 + Level 2.4 Dodging
 + Level 3.2 Stealth
 + Level 2.2 Spellcasting
 + Level 1.1 Conjurations
 + Level 3.4 Fire Magic


You had 5 spell levels left.
You knew the following spells:

 Your Spells              Type           Power      Damage    Failure   Level
a - Foxfire               Conj/Fire      40%        2x1d6     6%          1

Your spell library contained the following spells:

 Spells                   Type           Power      Damage    Failure   Level
 Scorch                   Fire           30%        2d7       6%          2
 Inner Flame              Hex/Fire       8%         N/A       24%         3
 Kindle Blastsparks       Fire/Tloc/Air  12%        2d11      30%         3
 Flame Wave               Conj/Fire      10%        2d6       54%         4


Dungeon Overview and Level Annotations

Branches:
Dungeon (2/15)

Altars:


Innate Abilities, Weirdness & Mutations

You cannot wear most types of armour.
You are amphibious.
You can wear up to eight rings at the same time.
Your skin changes colour to match your surroundings (Stealth+).
Your rubbery body absorbs attacks. (AC +1, EV +1)
((You are camouflaged when in or above water. (Stealth+)))
You have tentacles for arms and can constrict up to eight enemies at once.


Message History

Confirm with . or Enter, or press ? or * to list all spells.
You conjure some foxfire!
The foxfire hits the gnoll but does no damage.
The gnoll is moderately wounded.
The foxfire hits the gnoll but does no damage.
The gnoll is moderately wounded.
The gnoll closely misses you.
Unknown command.
You hit the gnoll but do no damage. Your grab misses the gnoll.
You squeeze the gnoll, but do no damage.
The gnoll is moderately wounded.
The foxfire hits the gnoll but does no damage.
The gnoll is heavily wounded.
The foxfire hits the gnoll.
The gnoll is severely wounded.
The gnoll hits you with a +0 club.
The gnoll hits you from afar with a +0 spear.
Unknown command.
The gnoll attacks as you move away! The gnoll barely misses you.
Your magical contamination has completely faded away.
The gnoll attacks as you move away! The gnoll hits you with a +0 club.
The gnoll attacks as you move away! The gnoll closely misses you.
There is a stone staircase leading up here.
The gnoll hits you with a +0 club.
* * * LOW HITPOINT WARNING * * *
The gnoll hits you from afar with a +0 spear.
* * * LOW HITPOINT WARNING * * *
You climb upwards.
There is a stone staircase leading down here.
Unknown command.
Unknown command.
Casting: Foxfire (safe; 6% risk of failure)
Confirm with . or Enter, or press ? or * to list all spells.
Okay, then.
Unknown command.
Unknown command.
Casting: Foxfire (safe; 6% risk of failure)
Confirm with . or Enter, or press ? or * to list all spells.
You conjure some foxfire!
The gnoll hits you with a +0 club.
You die...

.......# ###+###.# #.#
######.# #.......# #.# #.#
#.......#########.# ## #.#
#..............##.# .# #.#
#..............#..# .#
###.###................## .#
#.......##'##.##.†..####
####.#.###.##...g##.####
................@v..#
####.#.###.#####v############
#.#.# #.# #.# #.......#
####.#.###.#####.####.......#
.................)..)†......#
######.###.##########.......#
######.# #.# #############
.....#.# #.# ####..........
.....#.# #.#
####............♣


You could see a gnoll (ally target).

Vanquished Creatures
  An adder (D:2)
  2 gnolls (D:2)
  2 endoplasms (D:1)
  5 goblins (D:1)
  2 hobgoblins (D:1)
  3 ball pythons
  3 frilled lizards
  4 kobolds (D:1)
  A rat (D:1)
23 creatures vanquished.

Vanquished Creatures (others)
  58 foxfires
58 creatures vanquished.

Grand Total: 81 creatures vanquished

Notes
Turn   | Place    | Note
-------+----------+-------------------------------------------
     0 | D:1      | Conn the Octopode Fire Elementalist began the quest for the
                  | Orb.
     0 | D:1      | Reached XP level 1. HP: 11/11 MP: 3/3
   372 | D:1      | Reached XP level 2. HP: 17/17 MP: 0/5
   994 | D:1      | You fall into a shaft and drop 1 floor!
  1015 | D:2      | Reached skill level 1 in Short Blades
  1015 | D:2      | Reached XP level 3. HP: 21/21 MP: 1/6
  1212 | D:1      | Slain by a gnoll

Illustrated notes

Levels and vault maps discovered:
D:1:      kilobyte_arrival_exit_the_forest, layout_basic, serial_glass,
          glass_columns_b, glass_columns_a, glass_columns_b, glass_columns_a
D:2:      layout_loops_cross, serial_shops, nicolae_shop_statue_plus

Skill      XL: |  1  2 |
---------------+-------+-----
Stealth        | 3 |  3.2
Short Blades   | 1 |  1.4
Dodging        | |  2.4
Spellcasting   | |  2.2
Conjurations   | |  1.1
Fire Magic     | |  3.4

Action                     || total
---------------------------++-------
  Melee: Dagger            ||    17
         Constrict         ||     5
         Tentacles         ||     4
         Punch             ||     1
  Throw: Dart              ||     3
   Cast: Foxfire           ||    33
    Use: Scroll            ||     1
         Potion            ||     1
   Stab: Sleeping          ||     2
  Dodge: Dodged            ||    16

Table legend: (Time is in decaauts)
 A = Elapsed time spent in this place.
 B = Non-inter-level travel time spent in this place.
 C = Inter-level travel time spent in this place.
 D = Time resting spent in this place.
 E = Time spent auto-exploring this place.
 F = Levels seen in this place.
 G = Mean time per level.
                   A        B        C        D        E       F      G
               +--------+--------+--------+--------+--------+-----+--------+
         Total |   1211 |   1211 |      0 |     59 |    833 |   2 |  605.5 |
       Dungeon |   1211 |   1211 |      0 |     59 |    833 |   2 |  605.5 |
               +--------+--------+--------+--------+--------+-----+--------+

Top non-repeatable levels by time:
     D:1: 1131 daAuts
     D:2: 80 daAuts
